[Event "ROU-chT 1st League 2019"]
[Site "Mamaia"]
[Date "2019.09.21"]
[Round "1.29"]
[White "Itkis, Boris"]
[Black "Szabo, Attila"]
[Result "1-0"]
[ECO "A40"]
[WhiteElo "2323"]
[BlackElo "2239"]
[Annotator "NA"]
[PlyCount "61"]
[EventDate "2019.09.21"]
[EventType "team-tourn"]
[EventCountry "ROU"]
[SourceTitle "playchess.com"]
[Source "ChessBase"]
[SourceQuality "1"]
[TimeControl "40/5400+30:1800+30"]

1. d4 Nf6 2. c4 e6 3. g3 c5 4. Nf3 b6 5. d5 exd5 6. cxd5 d6 7. Nc3 g6 8. Bg2 Bg7 9. O-O O-O 10. Bf4 a6 11. a4 Re8 12. h3 Nh5 13. Bg5 Qc7 14. Rc1 Nd7 15. Re1 Ne5 16. Nxe5 Rxe5 17. Qd2 Re8 18. e4 Bb7 19. b4 Rac8 20. g4 Nf6 21. bxc5 bxc5 22. e5 Rxe5 23. Rxe5 dxe5 24. Bxf6 Bxf6 25. Ne4 Bd8 26. Rxc5 Qb6 27. Rxc8 Bxc8 28. Qc3 Qb8 29. d6 f6 30. Qc6 Be6 31. Qe8+ 1-0

[Event "ROU-chT 1st League 2019"]
[Site "Mamaia"]
[Date "2019.09.21"]
[Round "1.30"]
[White "Vasiesiu, Victor"]
[Black "Ileana, George"]
[Result "0-1"]
[ECO "B23"]
[WhiteElo "2251"]
[BlackElo "2349"]
[Annotator "NA"]
[PlyCount "131"]
[EventDate "2019.09.21"]
[EventType "team-tourn"]
[EventCountry "ROU"]
[SourceTitle "playchess.com"]
[Source "ChessBase"]
[SourceQuality "1"]
[TimeControl "40/5400+30:1800+30"]

1. e4 c5 2. Nc3 d6 3. f4 g6 4. Nf3 Bg7 5. Bb5+ Bd7 6. Bc4 Nc6 7. O-O e6 8. d3 Nge7 9. f5 gxf5 10. Ng5 Ne5 11. Qh5 N7g6 12. exf5 exf5 13. Bd5 Qc7 14. Bd2 O-O-O 15. Nxf7 Nxf7 16. Bxf7 Rdf8 17. Bb3 Kb8 18. a4 Bc6 19. Nd5 Bd4+ 20. Be3 Qg7 21. c3 Nf4 22. Rxf4 Bxd5 23. Bxd5 Bxe3+ 24. Rf2 Qg4 25. Bf3 Qxh5 26. Bxh5 f4 27. Kf1 Bxf2 28. Kxf2 Rf5 29. Bf3 Re5 30. Rd1 Kc7 31. d4 Re7 32. dxc5 dxc5 33. Rd5 b6 34. Rf5 Rd8 35. Bd5 c4 36. Kf3 Re3+ 37. Kxf4 Re2 38. Rh5 Rd7 39. Bxc4 Rxg2 40. b4 Rc2 41. Rh3 Kd8 42. Bg8 Rc7 43. Bxh7 R2xc3 44. Bd3 Rf7+ 45. Ke5 Kc7 46. a5 b5 47. Rg3 a6 48. Bf5 Rc6 49. Be6 Rh7 50. h3 Rc1 51. Re3 Rh4 52. Bg4 Rc4 53. Kd5 Rh6 54. Re7+ Kd8 55. Rd7+ Ke8 56. Ra7 Rxb4 57. Be6 Rb2 58. Rxa6 Rh5+ 59. Kd4 Rb4+ 60. Kc3 Ra4 61. Ra7 Re5 62. Bd7+ Kd8 63. Rb7 Re3+ 64. Kd2 Re7 65. Rxb5 Rxd7+ 66. Kc2 0-1

[Event "ROU-chT 1st League 2019"]
[Site "Mamaia"]
[Date "2019.09.22"]
[Round "2.10"]
[White "Cosma, Ioan"]
[Black "Coca, Cristi-Iulian"]
[Result "1/2-1/2"]
[ECO "E63"]
[WhiteElo "2394"]
[BlackElo "2106"]
[Annotator "NA"]
[PlyCount "86"]
[EventDate "2019.09.21"]
[EventType "team-tourn"]
[EventCountry "ROU"]
[SourceTitle "playchess.com"]
[Source "ChessBase"]
[SourceQuality "1"]
[TimeControl "40/5400+30:1800+30"]

1. d4 Nf6 2. Nf3 g6 3. g3 Bg7 4. Bg2 O-O 5. O-O d6 6. c4 Nc6 7. Nc3 a6 8. d5 Na5 9. b3 c5 10. dxc6 Nxc6 11. Bb2 Qa5 12. Qc1 Bf5 13. Rd1 Rfc8 14. Nd5 Nxd5 15. Bxg7 Kxg7 16. Rxd5 Qc7 17. Qe3 Rab8 18. h4 Be6 19. Rd2 h5 20. Rad1 Bg4 21. Ng5 Ne5 22. Rd5 Be6 23. R5d4 Bf5 24. Rd5 Ng4 25. Qf4 Nf6 26. R5d2 b5 27. Bd5 e6 28. Bf3 bxc4 29. bxc4 e5 30. Qe3 Qxc4 31. Rxd6 e4 32. Bg2 Rb2 33. Bf1 Rxa2 34. Qf4 Ng4 35. R6d4 Qc2 36. Rd7 Rf8 37. R1d2 Qb3 38. R2d5 Bxd7 39. Rxd7 Ra1 40. Kg2 Rd1 41. Ne6+ Qxe6 42. Rxd1 e3 43. Rd6 Qe7 1/2-1/2

[Event "ROU-chT 1st League 2019"]
[Site "Mamaia"]
[Date "2019.09.22"]
[Round "2.17"]
[White "Stoleriu, George"]
[Black "Zubac, Marius"]
[Result "1-0"]
[ECO "B24"]
[WhiteElo "2351"]
[BlackElo "2135"]
[Annotator "NA"]
[PlyCount "71"]
[EventDate "2019.09.21"]
[EventType "team-tourn"]
[EventCountry "ROU"]
[SourceTitle "playchess.com"]
[Source "ChessBase"]
[SourceQuality "1"]
[TimeControl "40/5400+30:1800+30"]

1. e4 c5 2. Nc3 Nc6 3. Bb5 g6 4. f4 e5 5. fxe5 Bg7 6. Nf3 Nge7 7. d3 O-O 8. Bg5 Nxe5 9. Nxe5 Bxe5 10. O-O a6 11. Bc4 b5 12. Nd5 Nxd5 13. Bxd8 Ne3 14. Qf3 bxc4 15. Be7 Nxf1 16. Rxf1 Bb7 17. Bxf8 Rxf8 18. Qg4 cxd3 19. cxd3 Bc6 20. b3 Bb5 21. Rf3 Kg7 22. Qh4 f6 23. Rh3 h5 24. g4 Rh8 25. g5 Rf8 26. gxf6+ Rxf6 27. Kg2 d6 28. a4 Bd7 29. Rf3 Rxf3 30. Kxf3 Bg4+ 31. Kg2 Bd1 32. Qh3 a5 33. Qd7+ Kh6 34. Qd8 Bc2 35. Qxa5 Bxd3 36. Qd2+ 1-0

[Event "ROU-chT 1st League 2019"]
[Site "Mamaia"]
[Date "2019.09.22"]
[Round "2.27"]
[White "Vrencian, Lehel"]
[Black "Ciorgovean, Iustin"]
[Result "1/2-1/2"]
[ECO "C15"]
[WhiteElo "2306"]
[BlackElo "2331"]
[Annotator "NA"]
[PlyCount "195"]
[EventDate "2019.09.21"]
[EventType "team-tourn"]
[EventCountry "ROU"]
[SourceTitle "playchess.com"]
[Source "ChessBase"]
[SourceQuality "1"]
[TimeControl "40/5400+30:1800+30"]

1. e4 e6 2. d4 d5 3. Nc3 Bb4 4. exd5 exd5 5. Bd3 Nc6 6. Nge2 Nge7 7. O-O Bg4 8. a3 Ba5 9. f3 Bf5 10. Na4 O-O 11. Bg5 f6 12. Be3 Re8 13. Bf2 Bb6 14. Re1 Qd7 15. Bb5 a6 16. Nxb6 cxb6 17. Bd3 b5 18. Nf4 Ng6 19. Rxe8+ Rxe8 20. Nxg6 Bxg6 21. Bf1 Na5 22. c3 Nc4 23. b3 Ne3 24. Bxe3 Rxe3 25. Qd2 Re8 26. a4 bxa4 27. Rxa4 Qc7 28. c4 dxc4 29. bxc4 Rd8 30. c5 Bf7 31. Qb2 Qd7 32. Rb4 Bd5 33. Rb6 Qe7 34. Qc3 g6 35. Bc4 Kg7 36. Bxd5 Rxd5 37. h3 Rd7 38. Kh2 Qf7 39. Qe3 Qd5 40. Qf4 Qxd4 41. Qxd4 Rxd4 42. Rxb7+ Kh6 43. Rb6 Rc4 44. Rxa6 Rxc5 45. Rxf6 Kg7 46. Ra6 h5 47. Kg3 Rg5+ 48. Kf2 Rb5 49. Ke3 Rb2 50. g4 hxg4 51. hxg4 Rb4 52. Rd6 Ra4 53. Rd4 Ra6 54. f4 Re6+ 55. Kf3 Ra6 56. Ke4 Re6+ 57. Kd5 Re8 58. Rc4 Rd8+ 59. Ke5 Re8+ 60. Kd6 Re1 61. Rc7+ Kf8 62. Kd5 Re2 63. Ra7 Re1 64. Rb7 Re2 65. Rb6 Kf7 66. Rb7+ Kf8 67. Rb4 Kf7 68. Ra4 Re1 69. Ra7+ Kf8 70. Ra4 Kf7 71. Re4 Ra1 72. Rc4 Re1 73. Rc7+ Kf8 74. Rc2 Kf7 75. Rc7+ Kf8 76. g5 Re2 77. Rc6 Kf7 78. Rf6+ Kg7 79. Re6 Rd2+ 80. Kc5 Kf7 81. Rf6+ Kg7 82. Rd6 Re2 83. Rd4 Kf7 84. Kd5 Re1 85. Rd2 Re8 86. Ra2 Re1 87. Ra7+ Kf8 88. Rb7 Re2 89. Rb4 Kf7 90. Kd6 Re1 91. Rb7+ Kf8 92. Kd5 Re2 93. Rd7 Re1 94. Rd6 Kf7 95. Rf6+ Kg7 96. Kd6 Re4 97. Kd7 Ra4 98. Kd6 1/2-1/2

[Event "ROU-chT 1st League 2019"]
[Site "Mamaia"]
[Date "2019.09.22"]
[Round "2.28"]
[White "Barzanu, Iulian"]
[Black "Dicu, Razvan-Stefan"]
[Result "1/2-1/2"]
[ECO "A00"]
[WhiteElo "2187"]
[BlackElo "2291"]
[Annotator "NA"]
[PlyCount "146"]
[EventDate "2019.09.21"]
[EventType "team-tourn"]
[EventCountry "ROU"]
[SourceTitle "playchess.com"]
[Source "ChessBase"]
[SourceQuality "1"]
[TimeControl "40/5400+30:1800+30"]

1. g3 Nf6 2. Bg2 d5 3. d4 c6 4. Nf3 Bf5 5. O-O e6 6. c4 Nbd7 7. b3 Bd6 8. Bb2 Qb8 9. Nc3 b5 10. cxb5 cxb5 11. Nh4 Bg4 12. Qd3 g5 13. Nf3 b4 14. Nb5 Be7 15. Rac1 Bf5 16. Nc7+ Qxc7 17. Rxc7 Bxd3 18. exd3 Bd8 19. Rc2 g4 20. Ne5 Nxe5 21. dxe5 Nd7 22. Rfc1 Bg5 23. Rc8+ Ke7 24. Rxh8 Rxh8 25. Rc7 Ra8 26. Bf1 a5 27. a4 bxa3 28. Bxa3+ Kd8 29. Bd6 Be7 30. d4 Bxd6 31. exd6 Rb8 32. Ba6 e5 33. dxe5 Nxe5 34. Bb7 Nf3+ 35. Kf1 Nd2+ 36. Ke1 Ne4 37. Rxf7 Nxd6 38. Rf8+ Ne8 39. Bxd5 Ke7 40. Rf7+ Kd6 41. Bc4 Kc5 42. Rf5+ Kb4 43. Rf4 Nd6 44. Be6+ Kc3 45. Kf1 h5 46. f3 Re8 47. Bd7 Re7 48. Ba4 gxf3 49. Rxf3+ Kd4 50. Rf6 Ne4 51. Rf5 h4 52. gxh4 Re5 53. Rf4 Ke3 54. Rf8 Rh5 55. Kg2 Rxh4 56. Rf3+ Kd4 57. Rf5 Nc5 58. Kg3 Rh8 59. h4 Ne4+ 60. Kh3 Ke3 61. h5 Nd6 62. Rxa5 Kf4 63. Bd7 Rh7 64. Bg4 Rc7 65. Kh4 Rg7 66. Ra4+ Ne4 67. Rxe4+ Kxe4 68. h6 Rb7 69. Kg5 Rxb3 70. h7 Rb8 71. Be6 Rh8 72. Bg8 Rxh7 73. Bxh7+ Ke5 1/2-1/2

[Event "ROU-chT 1st League 2019"]
[Site "Mamaia"]
[Date "2019.09.22"]
[Round "2.29"]
[White "Pop, Alexandru"]
[Black "Prodileanu, Adrian"]
[Result "1/2-1/2"]
[ECO "A40"]
[WhiteElo "2274"]
[BlackElo "2236"]
[Annotator "NA"]
[PlyCount "53"]
[EventDate "2019.09.21"]
[EventType "team-tourn"]
[EventCountry "ROU"]
[SourceTitle "playchess.com"]
[Source "ChessBase"]
[SourceQuality "1"]
[TimeControl "40/5400+30:1800+30"]

1. d4 Nf6 2. c4 e6 3. g3 Bb4+ 4. Bd2 Bxd2+ 5. Qxd2 d5 6. Bg2 Nbd7 7. Nf3 c6 8. Qc2 b6 9. O-O O-O 10. Nbd2 Bb7 11. Rfd1 Qe7 12. e4 dxe4 13. Nxe4 c5 14. Ne5 Nxe5 15. dxe5 Nxe4 16. Bxe4 Bxe4 17. Qxe4 Rad8 18. Qc6 Rd4 19. Rxd4 cxd4 20. Rd1 Rd8 21. Qe4 Qc5 22. b3 h6 23. Rd3 a6 24. Qh4 Rd7 25. Qe4 Rd8 26. Qh4 Rd7 27. Qe4 1/2-1/2

[Event "ROU-chT 1st League 2019"]
[Site "Mamaia"]
[Date "2019.09.22"]
[Round "2.30"]
[White "Micu, Iulian"]
[Black "Ciorica, Mihai-Vlad"]
[Result "1-0"]
[ECO "B31"]
[WhiteElo "2165"]
[BlackElo "1985"]
[Annotator "NA"]
[PlyCount "97"]
[EventDate "2019.09.21"]
[EventType "team-tourn"]
[EventCountry "ROU"]
[SourceTitle "playchess.com"]
[Source "ChessBase"]
[SourceQuality "1"]
[TimeControl "40/5400+30:1800+30"]

1. e4 c5 2. Nf3 Nc6 3. Bb5 g6 4. Bxc6 dxc6 5. d3 Bg7 6. h3 Nf6 7. Nc3 Nd7 8. Be3 e5 9. Qd2 O-O 10. O-O-O b6 11. Bh6 Bxh6 12. Qxh6 Qf6 13. Ne2 Re8 14. Rdf1 Nf8 15. Nd2 Qg7 16. Qe3 Ne6 17. g3 Nd4 18. f4 Nxe2+ 19. Qxe2 exf4 20. gxf4 f5 21. e5 Be6 22. h4 h5 23. Rhg1 Kh7 24. Rg3 Rg8 25. Rfg1 Qe7 26. Nf3 Rad8 27. Rg5 Kh6 28. Nd2 Bd5 29. Nf1 Be6 30. Qg2 Qe8 31. Ne3 Kh7 32. Nf1 c4 33. dxc4 Bxc4 34. Ng3 Be6 35. Nxh5 gxh5 36. Rg7+ Kh8 37. Qg5 Rd1+ 38. Kxd1 Qd8+ 39. Qxd8 Rxd8+ 40. Kc1 Bd5 41. R7g5 Bf3 42. Rxf5 Bg4 43. Rf7 Rd4 44. f5 Re4 45. e6 Kg8 46. Rxa7 Re5 47. f6 Rxe6 48. f7+ Kf8 49. Rf1 1-0

[Event "ROU-chT 1st League 2019"]
[Site "Mamaia"]
[Date "2019.09.23"]
[Round "3.1"]
[White "Musat, Adrian"]
[Black "Rogozenco, Dorian"]
[Result "1/2-1/2"]
[ECO "E92"]
[WhiteElo "2378"]
[BlackElo "2491"]
[Annotator "ChessBase"]
[PlyCount "48"]
[EventDate "2019.09.21"]
[EventType "team-tourn"]
[EventCountry "ROU"]
[SourceTitle "playchess.com"]
[Source "ChessBase"]
[SourceQuality "1"]
[TimeControl "40/5400+30:1800+30"]

1. Nf3 Nf6 2. c4 g6 3. Nc3 Bg7 4. e4 d6 5. d4 O-O 6. Be2 e5 7. Be3 exd4 8. Nxd4 Re8 9. f3 c6 10. Bf2 d5 11. exd5 cxd5 12. O-O Nc6 13. c5 Nh5 14. Qd2 Be5 15. g3 Ng7 16. Rfe1 Ne6 17. Nxe6 Bxe6 18. f4 Bxc3 19. bxc3 Bf5 20. Bb5 Be4 21. Bxc6 bxc6 22. Bd4 f6 23. Qf2 Rb8 24. Re2 Qe7 1/2-1/2

[Event "ROU-chT 1st League 2019"]
[Site "Mamaia"]
[Date "2019.09.23"]
[Round "3.3"]
[White "Ciorgovean, Iustin"]
[Black "Manolache, Marius"]
[Result "0-1"]
[ECO "B06"]
[WhiteElo "2331"]
[BlackElo "2548"]
[Annotator "ChessBase"]
[PlyCount "108"]
[EventDate "2019.09.21"]
[EventType "team-tourn"]
[EventCountry "ROU"]
[SourceTitle "playchess.com"]
[Source "ChessBase"]
[SourceQuality "1"]
[TimeControl "40/5400+30:1800+30"]

1. d4 d6 2. Nf3 g6 3. c4 Bg7 4. e4 Bg4 5. Be2 Nd7 6. O-O e5 7. d5 Ne7 8. Nc3 O-O 9. Be3 a5 10. b3 Kh8 11. Ne1 Bxe2 12. Qxe2 f5 13. f3 b6 14. Nd3 Nc5 15. Rab1 Qd7 16. a3 Ng8 17. b4 axb4 18. axb4 Nxd3 19. Qxd3 Ra3 20. Bc1 fxe4 21. fxe4 Rxf1+ 22. Kxf1 Ra8 23. Kg1 Nf6 24. Bd2 Nh5 25. g3 Nf6 26. Kg2 h5 27. h3 Ra3 28. Bc1 Ra8 29. Bd2 Kh7 30. Bg5 Ra3 31. Bc1 Ra8 32. Bg5 Ng8 33. c5 bxc5 34. bxc5 dxc5 35. Qb5 Qd6 36. Na4 Nf6 37. Nxc5 Ra2+ 38. Kg1 Nxd5 39. Qc4 Ra5 40. Nb7 Qa3 41. Rb3 Qa1+ 42. Bc1 Ra4 43. Qc2 Qd4+ 44. Kg2 Rc4 45. Qd3 Qxe4+ 46. Qxe4 Rxe4 47. Rb5 Re2+ 48. Kf3 Nc3 49. Rc5 e4+ 50. Kf4 c6 51. g4 Nd5+ 52. Kg3 Be5+ 53. Kh4 Bf6+ 54. Kg3 h4# 0-1

[Event "ROU-chT 1st League 2019"]
[Site "Mamaia"]
[Date "2019.09.23"]
[Round "3.4"]
[White "Anton, Teodor"]
[Black "Barzanu, Iulian"]
[Result "1-0"]
[ECO "A62"]
[WhiteElo "2445"]
[BlackElo "2187"]
[Annotator "NA"]
[PlyCount "36"]
[EventDate "2019.09.21"]
[EventType "team-tourn"]
[EventCountry "ROU"]
[SourceTitle "playchess.com"]
[Source "ChessBase"]
[SourceQuality "1"]
[TimeControl "40/5400+30:1800+30"]

1. d4 Nf6 2. Nf3 g6 3. c4 Bg7 4. g3 c5 5. d5 e6 6. Bg2 exd5 7. cxd5 d6 8. Nc3 O-O 9. O-O Re8 10. Bf4 a6 11. a4 Bf5 12. Nd2 Nh5 13. e4 Nxf4 14. gxf4 Bc8 15. Nc4 Bh6 16. Qf3 Qf6 17. Nb6 Ra7 18. Nxc8 Ra8 1-0

[Event "ROU-chT 1st League 2019"]
[Site "Mamaia"]
[Date "2019.09.23"]
[Round "3.6"]
[White "Marasescu, Ioan"]
[Black "Micu, Iulian"]
[Result "0-1"]
[ECO "E90"]
[WhiteElo "2298"]
[BlackElo "2165"]
[Annotator "NA"]
[PlyCount "50"]
[EventDate "2019.09.21"]
[EventType "team-tourn"]
[EventCountry "ROU"]
[SourceTitle "playchess.com"]
[Source "ChessBase"]
[SourceQuality "1"]
[TimeControl "40/5400+30:1800+30"]

1. Nf3 Nf6 2. c4 g6 3. Nc3 Bg7 4. e4 d6 5. d4 O-O 6. Be3 e5 7. dxe5 dxe5 8. Qxd8 Rxd8 9. Nd5 Nxd5 10. cxd5 c6 11. Bc4 cxd5 12. Bxd5 Nc6 13. O-O Nb4 14. Bb3 Nd3 15. Ng5 Rd7 16. Nxf7 Kf8 17. Ng5 Bf6 18. Ne6+ Ke7 19. Rfd1 b5 20. Bd5 Nxb2 21. Rdb1 Rxd5 22. exd5 Bxe6 23. Rxb2 e4 24. Rxb5 Bxa1 25. Rb7+ Bd7 0-1

[Event "ROU-chT 1st League 2019"]
[Site "Mamaia"]
[Date "2019.09.23"]
[Round "3.11"]
[White "Secheres, Adrian-Simion"]
[Black "Vasile, Claudiu-Daniel"]
[Result "1-0"]
[ECO "D37"]
[WhiteElo "2397"]
[BlackElo "2233"]
[Annotator "NA"]
[PlyCount "63"]
[EventDate "2019.09.21"]
[EventType "team-tourn"]
[EventCountry "ROU"]
[SourceTitle "playchess.com"]
[Source "ChessBase"]
[SourceQuality "1"]
[TimeControl "40/5400+30:1800+30"]

1. d4 d5 2. c4 e6 3. Nc3 Nf6 4. Nf3 Be7 5. Bf4 O-O 6. e3 b6 7. Rc1 Bb7 8. cxd5 Nxd5 9. Nxd5 Qxd5 10. a3 c5 11. Bc4 Qd8 12. O-O Nc6 13. dxc5 bxc5 14. Qc2 Qb6 15. Bd3 h6 16. Nd2 Na5 17. Bh7+ Kh8 18. Be4 Bxe4 19. Nxe4 Rac8 20. Be5 Nb7 21. Ng3 f6 22. Bc3 Kg8 23. Nh5 Rf7 24. Qg6 Nd6 25. e4 Nb5 26. Bd2 f5 27. e5 Bg5 28. Bxg5 hxg5 29. Nf6+ Kf8 30. Nh7+ Kg8 31. Nxg5 Re7 32. Qh7+ 1-0

[Event "ROU-chT 1st League 2019"]
[Site "Mamaia"]
[Date "2019.09.23"]
[Round "3.12"]
[White "Stanciu, Andreea-Briana"]
[Black "Ognean, Mihnea-Ionut"]
[Result "0-1"]
[ECO "B09"]
[WhiteElo "1884"]
[BlackElo "2285"]
[Annotator "NA"]
[PlyCount "88"]
[EventDate "2019.09.21"]
[EventType "team-tourn"]
[EventCountry "ROU"]
[SourceTitle "playchess.com"]
[Source "ChessBase"]
[SourceQuality "1"]
[TimeControl "40/5400+30:1800+30"]

1. e4 d6 2. d4 Nf6 3. Nc3 g6 4. f4 Bg7 5. Nf3 O-O 6. Bd3 Nbd7 7. e5 Ne8 8. Qe2 c5 9. Be3 cxd4 10. Bxd4 Nb8 11. exd6 Nxd6 12. Bxg7 Kxg7 13. O-O-O Nc6 14. Qf2 Qa5 15. a3 Bg4 16. Ne2 Rac8 17. h3 Bf5 18. Bxf5 Qxf5 19. Nfd4 Nxd4 20. Nxd4 Qc5 21. Rhe1 Nc4 22. Rd3 a5 23. f5 b5 24. Rf3 Kg8 25. Nb3 Qc7 26. Rf1 Ne5 27. Rc3 Qd6 28. Rd1 Qa6 29. Rxc8 Rxc8 30. Rd5 Nc4 31. Qd4 Qa8 32. Kb1 Ne3 33. Rc5 Nxf5 34. Rxc8+ Qxc8 35. Qa7 a4 36. Nd4 Nxd4 37. Qxd4 Qb7 38. Qd2 Kg7 39. Qd4+ f6 40. Qd2 e5 41. b3 h5 42. Ka2 h4 43. c4 bxc4 44. bxc4 Qb3+ 0-1

[Event "ROU-chT 1st League 2019"]
[Site "Mamaia"]
[Date "2019.09.23"]
[Round "3.14"]
[White "Deac, Bogdan-Daniel"]
[Black "Florescu, Codrut-Constantin"]
[Result "1-0"]
[ECO "D37"]
[WhiteElo "2613"]
[BlackElo "2286"]
[Annotator "RC"]
[PlyCount "79"]
[EventDate "2019.09.21"]
[EventType "team-tourn"]
[EventCountry "ROU"]
[SourceTitle "playchess.com"]
[Source "ChessBase"]
[SourceQuality "1"]
[TimeControl "40/5400+30:1800+30"]

1. Nf3 e6 2. c4 d5 3. d4 Nf6 4. Nc3 Be7 5. Bf4 O-O 6. e3 b6 7. Bd3 dxc4 8. Bxc4 Bb7 9. O-O a6 10. Qc2 b5 11. Bd3 c5 12. dxc5 Bxc5 13. Rfd1 Qe7 14. Ng5 h6 15. Nge4 Nbd7 16. Nxc5 Qxc5 17. Bd6 Qc6 18. f3 Rfc8 19. Qf2 Kh8 20. Bf1 Qb6 21. e4 Qxf2+ 22. Kxf2 Nb6 23. Rd4 Nc4 24. Bxc4 Rxc4 25. Rxc4 bxc4 26. Rd1 Rd8 27. Bc7 Rxd1 28. Nxd1 Ne8 29. Bb8 Bc6 30. Ke3 Ba4 31. Nc3 Bc2 32. Kd4 Bd3 33. b4 Nf6 34. a4 Bf1 35. g4 Nd7 36. Bc7 f5 37. a5 fxg4 38. fxg4 e5+ 39. Ke3 Bh3 40. b5 1-0

[Event "ROU-chT 1st League 2019"]
[Site "Mamaia"]
[Date "2019.09.23"]
[Round "3.17"]
[White "Horvat, Dan-Sebastian"]
[Black "Nevednichy, Vladislav"]
[Result "0-1"]
[ECO "A36"]
[WhiteElo "2099"]
[BlackElo "2522"]
[Annotator "ChessBase"]
[PlyCount "82"]
[EventDate "2019.09.21"]
[EventType "team-tourn"]
[EventCountry "ROU"]
[SourceTitle "playchess.com"]
[Source "ChessBase"]
[SourceQuality "1"]
[TimeControl "40/5400+30:1800+30"]

1. c4 g6 2. Nc3 Bg7 3. g3 c5 4. Bg2 Nc6 5. e4 e6 6. Nge2 d6 7. d3 Nge7 8. O-O O-O 9. Be3 Nd4 10. f4 Rb8 11. Qd2 a6 12. Rae1 b6 13. b3 Bb7 14. Kh1 Qd7 15. Rf2 f5 16. Ng1 Rbe8 17. Nf3 Nec6 18. h4 b5 19. cxb5 axb5 20. Bxd4 Nxd4 21. e5 Bxf3 22. Bxf3 dxe5 23. fxe5 f4 24. gxf4 Qe7 25. Kg2 Qxh4 26. Bd1 Rd8 27. Rh1 Qe7 28. Ne4 Nf5 29. Qc3 Rd5 30. Rh3 b4 31. Qd2 Rfd8 32. Bg4 Rd4 33. Bxf5 exf5 34. Nd6 Qe6 35. Qe3 Bf8 36. Nc4 Qd5+ 37. Rff3 Qa8 38. Qe2 Rxf4 39. Kf2 Rxf3+ 40. Rxf3 Qd5 41. e6 Bg7 0-1

[Event "ROU-chT 1st League 2019"]
[Site "Mamaia"]
[Date "2019.09.23"]
[Round "3.18"]
[White "Costachi, Mihnea"]
[Black "Bobocea, Laurentiu-Vlad"]
[Result "1-0"]
[ECO "D18"]
[WhiteElo "2463"]
[BlackElo "1921"]
[Annotator "ChessBase"]
[PlyCount "59"]
[EventDate "2019.09.21"]
[EventType "team-tourn"]
[EventCountry "ROU"]
[SourceTitle "playchess.com"]
[Source "ChessBase"]
[SourceQuality "1"]
[TimeControl "40/5400+30:1800+30"]

1. d4 d5 2. c4 c6 3. Nf3 Nf6 4. Nc3 dxc4 5. a4 Bf5 6. e3 e6 7. Bxc4 Bb4 8. O-O Nbd7 9. Qe2 Bg6 10. e4 O-O 11. e5 Nd5 12. Ne4 a5 13. Bd3 h6 14. Rd1 Be7 15. Ng3 Re8 16. Bxg6 fxg6 17. Nd2 g5 18. Nde4 b6 19. Qg4 Bf8 20. h4 gxh4 21. Nh5 Kh7 22. Ra3 g6 23. Rf3 Re7 24. Nhf6+ N7xf6 25. exf6 Rd7 26. Qxh4 Kg8 27. Rg3 Qe8 28. Rdd3 Kh8 29. Rdf3 Raa7 30. Ng5 1-0

[Event "ROU-chT 1st League 2019"]
[Site "Mamaia"]
[Date "2019.09.23"]
[Round "3.20"]
[White "Sivuk, Vitaly"]
[Black "Morozov, Nichita"]
[Result "1-0"]
[ECO "A11"]
[WhiteElo "2559"]
[BlackElo "2394"]
[Annotator "ChessBase"]
[PlyCount "95"]
[EventDate "2019.09.21"]
[EventType "team-tourn"]
[EventCountry "ROU"]
[SourceTitle "playchess.com"]
[Source "ChessBase"]
[SourceQuality "1"]
[TimeControl "40/5400+30:1800+30"]

1. c4 c6 2. Nf3 d5 3. e3 Nf6 4. Nc3 a6 5. d4 Bf5 6. Ne5 h6 7. Qb3 Ra7 8. cxd5 cxd5 9. e4 Bxe4 10. Nxe4 Nxe4 11. Qa4+ Nd7 12. Bb5 Nef6 13. O-O Ra8 14. Bd3 e6 15. Ng6 Rg8 16. Bf4 b5 17. Qb3 Nh5 18. Rfe1 Nxf4 19. Nxf4 Be7 20. Rxe6 g5 21. Re2 gxf4 22. Rae1 Kf8 23. Rxe7 Nf6 24. Qb4 Kg7 25. Bf5 Re8 26. R7e5 Rxe5 27. dxe5 Nh5 28. Bg4 Qg5 29. Bxh5 Qxh5 30. Qxf4 Qg5 31. Qd4 Rd8 32. Re3 Kh7 33. h4 Qg6 34. Rf3 Rd7 35. a3 Qb1+ 36. Kh2 Qe4 37. Qxe4+ dxe4 38. Rf4 Kg7 39. Rxe4 Rd2 40. Rg4+ Kf8 41. Rf4 Rxb2 42. e6 Rb3 43. Rxf7+ Ke8 44. f4 Rxa3 45. f5 Re3 46. g4 b4 47. g5 hxg5 48. hxg5 1-0

[Event "ROU-chT 1st League 2019"]
[Site "Mamaia"]
[Date "2019.09.23"]
[Round "3.24"]
[White "Petrisor, Adrian-Marian"]
[Black "Ileana, George"]
[Result "1-0"]
[ECO "A06"]
[WhiteElo "2411"]
[BlackElo "2349"]
[Annotator "NA"]
[PlyCount "89"]
[EventDate "2019.09.21"]
[EventType "team-tourn"]
[EventCountry "ROU"]
[SourceTitle "playchess.com"]
[Source "ChessBase"]
[SourceQuality "1"]
[TimeControl "40/5400+30:1800+30"]

1. Nf3 d5 2. g3 Nf6 3. Bg2 c6 4. O-O h6 5. c4 Nbd7 6. cxd5 cxd5 7. d4 e6 8. Nc3 a6 9. Bf4 Nh5 10. Bd2 Be7 11. Qb3 O-O 12. Rfc1 b5 13. Nxd5 exd5 14. Qxd5 Nxg3 15. hxg3 Ra7 16. Bf4 g5 17. Be3 Bb7 18. Qf5 Nf6 19. Ne5 Bxg2 20. Kxg2 Qd5+ 21. f3 Nh5 22. Qh3 Ng7 23. Bf2 h5 24. e4 Qa8 25. d5 Bf6 26. Nc6 Rc7 27. e5 Rxc6 28. dxc6 Bxe5 29. Rc2 Qd8 30. Qd7 Ne6 31. Re1 Bf6 32. Qxd8 Rxd8 33. c7 Rc8 34. Bb6 Kf8 35. b4 Be7 36. a3 Bd6 37. Rc6 Ke7 38. Ba5 Kd7 39. Rxa6 Nxc7 40. Ra7 h4 41. gxh4 gxh4 42. Kh3 f5 43. Rc1 Bf4 44. Rc5 Bd6 45. Bxc7 1-0

[Event "ROU-chT 1st League 2019"]
[Site "Mamaia"]
[Date "2019.09.23"]
[Round "3.29"]
[White "Szabo, Attila"]
[Black "Ghimpu, Samuel-Timotei"]
[Result "1-0"]
[ECO "A05"]
[WhiteElo "2239"]
[BlackElo "2158"]
[Annotator "NA"]
[PlyCount "113"]
[EventDate "2019.09.21"]
[EventType "team-tourn"]
[EventCountry "ROU"]
[SourceTitle "playchess.com"]
[Source "ChessBase"]
[SourceQuality "1"]
[TimeControl "40/5400+30:1800+30"]

1. Nf3 Nf6 2. c4 g6 3. Nc3 Bg7 4. e4 c5 5. d4 cxd4 6. Nxd4 d6 7. Be2 Nc6 8. Be3 O-O 9. O-O Bd7 10. Qd2 Nxd4 11. Bxd4 Bc6 12. f3 a5 13. b3 Nd7 14. Bxg7 Kxg7 15. Qd4+ Kg8 16. Rfd1 Nc5 17. Rab1 Qb6 18. Kh1 Qb4 19. Qd2 Rfc8 20. a4 Rd8 21. Qc2 e5 22. Bf1 Ne6 23. Qd3 Rf8 24. h3 Rad8 25. Kh2 Kg7 26. Kh1 Kh8 27. Kh2 Rd7 28. Rd2 f5 29. exf5 gxf5 30. Qe3 Rg7 31. Nd5 f4 32. Qf2 Qc5 33. Qxc5 Nxc5 34. Nc3 Rf6 35. Bd3 Rh6 36. Bc2 Rg3 37. Ne4 Bxe4 38. Bxe4 Rg8 39. Rbd1 Nxb3 40. Rxd6 Rxd6 41. Rxd6 Nc5 42. Rd5 Nxe4 43. fxe4 Rg3 44. Rxa5 Rc3 45. Rxe5 Rxc4 46. a5 Ra4 47. Kg1 Ra2 48. Rb5 Kg8 49. Kf1 Ra4 50. Kf2 Rxe4 51. Rxb7 Ra4 52. Ra7 Ra3 53. a6 Kh8 54. Ke2 Kg8 55. Kd2 Ra2+ 56. Kd3 Rxg2 57. Rb7 1-0

[Event "ROU-chT 1st League 2019"]
[Site "Mamaia"]
[Date "2019.09.23"]
[Round "3.30"]
[White "Coca, Cristi-Iulian"]
[Black "Vasiesiu, Victor"]
[Result "1/2-1/2"]
[ECO "C01"]
[WhiteElo "2106"]
[BlackElo "2251"]
[Annotator "NA"]
[PlyCount "34"]
[EventDate "2019.09.21"]
[EventType "team-tourn"]
[EventCountry "ROU"]
[SourceTitle "playchess.com"]
[Source "ChessBase"]
[SourceQuality "1"]
[TimeControl "40/5400+30:1800+30"]

1. e4 e6 2. d4 d5 3. exd5 exd5 4. Nf3 Nc6 5. Bb5 Bd6 6. O-O Nge7 7. Re1 O-O 8. c3 Ng6 9. Nbd2 Qf6 10. Nf1 Bg4 11. Be2 Nf4 12. Bxf4 Bxf4 13. h3 Bf5 14. Bd3 Rae8 15. Qc2 Bxd3 16. Qxd3 Nd8 17. Ne3 Bxe3 1/2-1/2